Map: [TLMC15] Hardwire

Players

DRG - Winner!

  • Race: Zerg Zerg

TIME (Oliveira)

  • Race: Terran Terran

Event: DreamHack SC2 Masters Last Chance 2022

VOD

Have the link to the VOD?

Description

Time

  • Played on: Jan. 15, 2022, 11:56 a.m.
  • Length: 24:07

All games in this series

Show
View Real Time Build Order
Export as new Build Order

DRG Zerg - Winner!

Build Orders: Hatch First, Lurkers 

Get SALT Encoding   

  12  0:00  Drone  
  13  0:11  Overlord  
  13  0:16  Drone  
  14  0:29  Drone x2  
  16  0:47  Hatchery  
  15  0:50  Drone  
  15  0:55  Drone  
  17  0:58  Drone  
  18  1:09  Extractor  
  17  1:13  Spawning Pool  
  17  1:16  Drone  
  17  1:19  Drone  
  18  1:27  Drone  
  19  1:38  Drone  
  20  1:48  Drone  
  21  1:59  Queen x2  
  21  2:00  Zergling x4  
  27  2:09  Overlord  
  27  2:11  Drone  
  28  2:20  Hatchery  
  28  2:22  Drone  
  28  2:28  Drone  
  29  2:32  Drone  
  29  2:33  Drone  
  29  2:37  Queen  
  31  2:42  Metabolic Boost  
  33  2:46  Overlord  
  33  2:50  Drone  
  34  2:52  Drone  
  34  2:55  Drone  
  36  3:04  Overlord  
  36  3:05  Drone  
  37  3:09  Drone x2  
  37  3:10  Drone  
  37  3:12  Queen  
  40  3:15  Drone  
  40  3:18  Drone  
  44  3:22  Queen  
  44  3:26  Drone  
  47  3:29  Drone  
  47  3:32  Queen  
  50  3:36  Overlord  
  50  3:37  Drone  
  51  3:41  Drone x2  
  51  3:45  Zergling x4  
  51  3:47  Drone  
  56  3:51  Queen  
  58  3:57  Drone x2  
  58  3:59  Overlord  
  58  4:02  Drone x2  
  62  4:06  Overlord  
  62  4:07  Drone  
  63  4:10  Queen  
  63  4:14  Drone  
  66  4:19  Drone  
  66  4:21  Drone x3  
  66  4:23  Drone  
  71  4:25  Overlord  
  71  4:27  Drone  
  72  4:34  Drone x3  
  72  4:37  Evolution Chamber  
  72  4:38  Drone  
  75  4:39  Evolution Chamber  
  75  4:41  Drone x3, Extractor  
  75  4:44  Drone  
  77  4:48  Overlord  
  77  4:49  Drone x3  
  77  4:50  Queen  
  82  4:55  Overlord  
  82  5:00  Drone x2  
  82  5:02  Overlord  
  84  5:07  Drone x5  
  84  5:09  Lair  
  84  5:10  Zerg Melee Weapons Level 1  
  84  5:12  Zerg Ground Armor Level 1  
  88  5:14  Drone  
  88  5:16  Drone x2  
  91  5:21  Overlord  
  91  5:22  Zergling x8  
  91  5:23  Queen  
  91  5:26  Queen  
  91  5:28  Zergling x2, Spine Crawler  
  99  5:31  Baneling Nest  
  99  5:34  Zergling x10  
  103  5:37  Extractor  
  103  5:39  Extractor  
  103  5:42  Zergling x4  
  104  5:45  Overlord  
  104  5:47  Zergling x8  
  108  5:55  Zergling x2  
  97  5:58  Zergling x2, Queen  
  97  5:59  Zergling x8  
  97  6:01  Queen  
  101  6:06  Zergling x2  
  101  6:09  Hatchery  
  101  6:12  Zergling x6  
  101  6:16  Drone x2  
  106  6:19  Centrifugal Hooks  
  106  6:21  Drone x5  
  106  6:23  Spore Crawler  
  110  6:26  Drone x4  
  110  6:32  Overlord x3  
  114  6:39  Overlord x3  
  114  6:42  Hatchery  
  114  6:46  Overlord x2  
  112  6:48  Zergling x2  
  112  6:51  Overlord x2  
  112  6:52  Zergling x2  
  114  6:56  Zergling x8  
  114  6:57  Baneling x10  
  114  6:59  Zergling x2  
  114  7:00  Spore Crawler  
  118  7:05  Zergling x2  
  118  7:08  Zerg Melee Weapons Level 2  
  119  7:09  Drone x2  
  119  7:10  Zerg Ground Armor Level 2  
  119  7:13  Zergling x4, Spore Crawler  
  122  7:16  Zergling x8  
  122  7:20  Zergling x4  
  128  7:23  Zergling x6, Spore Crawler  
  121  7:31  Zergling x2  
  121  7:32  Zergling x2  
  121  7:34  Drone x4  
  124  7:37  Zergling x2  
  124  7:38  Spore Crawler  
  124  7:43  Burrow  
  123  7:44  Overseer  
  123  7:51  Drone x2  
  120  7:53  Zergling x10  
  120  7:55  Zergling x2  
  126  7:59  Spore Crawler  
  126  8:00  Zergling x2  
  126  8:05  Zergling x10  
  132  8:06  Zergling x18  
  132  8:09  Queen  
  143  8:14  Zergling x2  
  144  8:23  Drone x2, Spore Crawler  
  144  8:27  Zergling x8  
  146  8:34  Drone x3  
  146  8:35  Drone  
  143  8:42  Drone  
  143  8:43  Drone, Zergling x8  
  147  8:48  Zergling x6  
  147  8:54  Zergling x6  
  153  8:56  Spore Crawler  
  153  9:01  Zergling x12  
  153  9:02  Overseer  
  159  9:03  Zergling x2  
  159  9:07  Zergling x2  
  159  9:08  Zergling x6, Baneling  
  159  9:09  Baneling x31  
  163  9:14  Zergling x6  
  166  9:19  Zergling x6  
  166  9:20  Overseer x2  
  166  9:21  Pneumatized Carapace  
  166  9:23  Zergling x4  
  168  9:32  Hatchery  
  144  9:40  Zergling x22  
  144  9:43  Zergling x6  
  148  9:49  Infestation Pit  
  148  9:50  Zergling x12  
  148  9:51  Hydralisk Den  
  147  9:53  Drone  
  147  9:58  Extractor  
  147  9:59  Spore Crawler, Extractor  
  145  10:00  Baneling x8  
  145  10:02  Drone x7  
  153  10:07  Zergling x12  
  153  10:08  Baneling x16, Zergling x2  
  153  10:09  Zergling x4  
  153  10:12  Zergling x6  
  162  10:19  Zergling x12  
  150  10:23  Zergling x2  
  141  10:29  Zergling x10  
  141  10:31  Hive  
  141  10:32  Drone, Grooved Spines  
  141  10:33  Drone x3  
  141  10:34  Extractor  
  141  10:35  Zergling x8, Extractor  
  150  10:36  Spore Crawler  
  150  10:40  Drone x2  
  150  10:41  Drone x4  
  155  10:44  Zergling x6, Extractor x2  
  155  10:48  Drone x4  
  160  10:52  Zergling x2  
  160  10:56  Zergling x6  
  164  10:58  Baneling  
  164  11:00  Zergling x10  
  158  11:07  Zergling x16  
  158  11:09  Zergling x8  
  145  11:13  Zergling x10  
  145  11:15  Hydralisk  
  145  11:16  Baneling x3  
  145  11:17  Baneling x8  
  147  11:18  Hydralisk  
  147  11:21  Hydralisk  
  147  11:22  Hydralisk  
  152  11:26  Hydralisk x2  
  152  11:30  Baneling x3  
  154  11:38  Zergling x14  
  161  11:41  Drone  
  161  11:42  Drone x2  
  161  11:43  Muscular Augments  
  161  11:45  Viper  
  161  11:46  Zergling x18  
  176  11:49  Zergling x12  
  176  11:53  Viper  
  185  11:58  Zergling x6  
  188  12:02  Zerg Missile Weapons Level 1  
  188  12:04  Overlord x3  
  182  12:17  Spore Crawler  
  182  12:21  Zergling x32  
  166  12:24  Hydralisk x2  
  166  12:25  Hydralisk x2  
  166  12:26  Overseer x2  
  175  12:30  Drone x4, Lurker Den  
  175  12:36  Zerg Ground Armor Level 3  
  177  12:38  Zergling x2  
  177  12:39  Zergling x8  
  177  12:42  Zergling x8  
  180  12:46  Zergling x10  
  180  12:48  Hydralisk  
  180  12:50  Baneling x6  
  187  12:55  Zergling x12  
  194  13:05  Drone  
  194  13:10  Nydus Network  
  194  13:11  Zergling x14  
  200  13:14  Hatchery  
  200  13:15  Baneling  
  200  13:16  Baneling x8  
  200  13:17  Baneling x11  
  199  13:24  Zergling x10  
  200  13:31  Baneling x7  
  199  13:34  Seismic Spines  
  199  13:36  Extractor  
  196  13:43  Zergling x8  
  198  13:54  Zergling x20  
  195  13:57  Hatchery  
  195  13:58  Zergling x6  
  195  13:59  Zergling x6  
  195  14:01  Zergling x20  
  195  14:07  Zergling x14  
  195  14:09  Zergling x16  
  199  14:14  Overlord x2  
  199  14:16  Overseer x2  
  189  14:26  Lurker x10  
  189  14:29  Zerg Missile Weapons Level 2  
  198  14:31  Adaptive Talons  
  198  14:32  Zergling x2  
  198  14:33  Baneling x11  
  198  14:36  Nydus Canal  
  199  14:55  Zergling x2  
  188  15:12  Zergling x28  
  188  15:13  Zerg Melee Weapons Level 3, Viper  
  139  15:22  Zergling x28  
  139  15:26  Hydralisk x7  
  161  15:29  Zergling x30  
  161  15:30  Overseer x3  
  161  15:33  Drone  
  161  15:34  Drone x6  
  181  15:37  Zergling x2  
  181  15:38  Zergling x6  
  181  15:39  Baneling x4  
  184  15:42  Overlord  
  184  15:43  Overseer  
  184  15:45  Hydralisk x2  
  184  15:46  Hydralisk  
  190  15:52  Overlord x2  
  190  15:53  Baneling x12  
  190  15:59  Zergling x2  
  190  16:00  Zergling x6  
  190  16:01  Overlord  
  190  16:03  Baneling x17  
  194  16:11  Zergling x12  
  200  16:12  Baneling x13  
  195  16:22  Zergling x24  
  195  16:24  Zergling x6  
  191  16:29  Nydus Canal  
  191  16:32  Zergling x16  
  199  16:37  Spore Crawler  
  198  16:40  Zergling x2  
  196  16:47  Nydus Canal  
  196  16:49  Zergling x6  
  191  17:05  Zergling x22  
  174  17:08  Zergling x16  
  174  17:13  Zergling x32  
  174  17:14  Zergling x10  
  174  17:15  Zergling x6  
  188  17:18  Hatchery  
  185  17:23  Hydralisk x6  
  197  17:31  Zerg Missile Weapons Level 3  
  197  17:33  Baneling x14  
  197  17:35  Zergling x6  
  200  17:43  Zergling x2  
  170  17:54  Zergling x34  
  167  17:58  Zergling x20  
  167  17:59  Zergling x4  
  167  18:01  Baneling x3  
  167  18:02  Zergling x6  
  182  18:06  Overlord  
  182  18:08  Overseer  
  182  18:19  Lurker x10  
  192  18:22  Hydralisk x3  
  192  18:35  Hatchery  
  192  18:37  Zergling x18  
  192  18:40  Hydralisk  
  192  18:41  Hydralisk x3, Overseer x4  
  199  18:52  Overseer x4  
  197  18:59  Zergling x4  
  197  19:00  Viper x2  
  199  19:06  Overseer x4  
  199  19:14  Baneling  
  199  19:15  Overseer x2, Baneling x13, Overlord  
  199  19:16  Overseer  
  199  19:33  Spore Crawler  
  199  19:34  Zergling x2  
  199  19:35  Overseer, Spore Crawler  
  192  19:44  Zergling x18  
  195  19:50  Zergling x24  
  194  19:57  Spire  
  194  19:58  Spire  
  192  20:04  Overseer x4, Baneling  
  192  20:05  Baneling x14  
  192  20:11  Zergling x12  
  192  20:12  Nydus Canal  
  198  20:18  Zergling x10  
  200  20:25  Overseer x4  
  200  20:27  Spore Crawler  
  200  20:28  Spore Crawler  
  196  20:34  Hydralisk x6  
  199  20:37  Extractor  
  199  20:38  Extractor  
  197  20:43  Zergling x6  
  166  20:58  Zergling x22  
  166  21:01  Zergling x14  
  179  21:10  Extractor  
  178  21:11  Extractor  
  178  21:12  Greater Spire, Extractor  
  178  21:14  Zergling x26  
  189  21:19  Zergling x16, Hatchery  
  192  21:31  Zergling x10  
  176  21:33  Overseer x3  
  165  21:43  Infestor x3  
  169  21:48  Overseer x4, Corruptor x15  
  169  21:53  Extractor  
  198  21:55  Extractor  
  197  22:26  Overseer x8  
  197  22:29  Spore Crawler  
  196  22:30  Spore Crawler  
  184  22:43  Brood Lord x10  
  199  22:46  Brood Lord  
  198  22:54  Brood Lord  
  198  22:56  Overseer  
  200  23:01  Spore Crawler x2  
  200  23:02  Brood Lord  
  200  23:03  Brood Lord, Spore Crawler x2  
  200  23:04  Spore Crawler x2  
  200  23:05  Brood Lord  
  200  23:06  Spore Crawler  
  200  23:10  Overseer  
  200  23:12  Baneling x10  
  206  23:14  Overseer  
  206  23:25  Zergling x8  
  199  23:29  Zergling x2  
  199  23:33  Zergling x12  
Show
View Real Time Build Order
Export as new Build Order

TIME Terran 

Build Orders: Reaper Expand 

Get SALT Encoding   

  12  0:00  SCV  
  13  0:12  SCV  
  14  0:16  Supply Depot  
  14  0:24  SCV  
  15  0:38  SCV  
  15  0:40  Barracks  
  16  0:43  Refinery  
  16  0:50  SCV  
  17  1:02  SCV  
  18  1:14  SCV  
  19  1:27  Reaper, Orbital Command  
  20  1:39  Command Center  
  20  1:46  Supply Depot  
  20  1:53  SCV  
  21  1:59  Marine  
  22  2:05  SCV  
  23  2:09  Factory  
  23  2:17  SCV  
  23  2:21  Barracks Reactor  
  24  2:29  SCV  
  25  2:40  Command Center  
  25  2:42  SCV  
  26  2:51  Orbital Command  
  26  2:54  SCV  
  27  3:00  Barracks  
  27  3:06  SCV  
  27  3:09  Hellion x2  
  27  3:12  Barracks Tech Lab  
  32  3:17  SCV  
  32  3:19  Refinery  
  33  3:20  SCV  
  34  3:30  Hellion x2  
  34  3:31  SCV  
  34  3:33  SCV  
  40  3:36  Marine  
  40  3:37  Stimpack  
  41  3:43  SCV  
  41  3:45  SCV  
  43  3:52  Orbital Command  
  43  3:54  Marine  
  44  3:58  SCV x2  
  44  3:59  Starport  
  46  4:02  Factory Reactor  
  46  4:03  Marine x2  
  48  4:10  Supply Depot, SCV x2  
  48  4:12  Marine  
  48  4:15  Refinery  
  51  4:19  SCV  
  51  4:21  Marine  
  51  4:22  SCV  
  51  4:23  SCV  
  55  4:24  Marine  
  56  4:31  SCV  
  56  4:32  Marine  
  56  4:34  Supply Depot, SCV  
  56  4:35  SCV  
  60  4:38  Marine  
  60  4:43  Marine, Armory  
  62  4:46  Hellion  
  62  4:47  Medivac x2  
  62  4:49  SCV  
  62  4:50  Refinery  
  69  4:55  Supply Depot  
  69  4:56  SCV x2, Marine  
  69  4:59  Supply Depot  
  72  5:00  Marine  
  72  5:05  SCV  
  74  5:08  SCV  
  74  5:09  Marine  
  74  5:12  Factory Tech Lab  
  74  5:13  SCV  
  77  5:15  Engineering Bay  
  77  5:17  Engineering Bay, Marine  
  77  5:19  Combat Shield  
  77  5:20  Marine  
  79  5:25  Factory  
  79  5:27  Supply Depot  
  79  5:29  Starport Reactor, Barracks  
  79  5:32  Drilling Claws  
  79  5:37  Siege Tank, Marine x2  
  84  5:42  Marine  
  84  5:50  SCV  
  84  5:55  Marine x2  
  81  5:58  SCV  
  81  6:00  Marine  
  77  6:04  SCV  
  77  6:06  Terran Infantry Weapons Level 1, Terran Infantry Armor Level 1  
  77  6:09  Widow Mine  
  79  6:12  Orbital Command  
  79  6:13  Marine x2  
  79  6:16  Barracks  
  79  6:18  Widow Mine x2, Marine, Barracks  
  84  6:19  Medivac  
  84  6:21  Medivac, SCV x2  
  91  6:25  Supply Depot  
  91  6:27  Barracks Reactor  
  91  6:33  SCV, Marine  
  91  6:34  Widow Mine, SCV  
  91  6:35  Marine  
  91  6:37  SCV  
  91  6:39  Widow Mine  
  100  6:43  Supply Depot x2  
  100  6:46  SCV  
  101  6:47  Widow Mine, SCV, Marine  
  101  6:49  SCV  
  106  6:55  Marine  
  106  6:56  Widow Mine  
  109  7:05  Medivac x2, SCV x2, Marine  
  109  7:06  Widow Mine  
  109  7:07  SCV  
  119  7:11  Widow Mine, Marine  
  119  7:15  Barracks Reactor x2, Command Center  
  122  7:17  SCV x2  
  122  7:22  Supply Depot x2  
  124  7:28  Marine x2  
  117  7:31  Marine x2  
  117  7:33  Widow Mine  
  117  7:34  Marine  
  117  7:35  Widow Mine  
  117  7:36  SCV  
  117  7:37  SCV  
  117  7:38  Siege Tank  
  117  7:42  Refinery  
  117  7:43  Medivac x2, Refinery  
  125  7:44  Supply Depot  
  125  7:46  Marine  
  125  7:47  Supply Depot, Marine  
  125  7:49  Marine  
  120  7:54  Widow Mine  
  120  7:55  Marine  
  123  7:59  Marine x2  
  123  8:02  SCV x2  
  123  8:04  Factory  
  123  8:05  SCV  
  128  8:08  Terran Infantry Weapons Level 2  
  128  8:11  Marine  
  129  8:13  Widow Mine, Barracks  
  129  8:14  Marine x2  
  129  8:15  Barracks x2  
  129  8:16  Marine  
  129  8:17  Widow Mine  
  129  8:19  Marine  
  137  8:23  Siege Tank  
  140  8:27  Marine  
  140  8:28  Medivac  
  140  8:29  SCV x2, Marine  
  144  8:37  Marine  
  144  8:40  Marine  
  144  8:41  Supply Depot x2, Terran Infantry Armor Level 2  
  142  8:42  Supply Depot  
  142  8:43  Marine  
  142  8:44  Marine x2  
  142  8:45  Marine  
  142  8:47  Marine x2  
  148  8:49  Widow Mine  
  148  8:52  Marine  
  148  8:53  Factory Tech Lab  
  148  8:55  Sensor Tower, Marine  
  151  8:58  Marine  
  151  9:01  Marine x2  
  151  9:02  Siege Tank  
  157  9:04  Widow Mine  
  157  9:07  Planetary Fortress  
  157  9:09  SCV x2  
  159  9:16  SCV  
  160  9:17  Barracks Tech Lab  
  160  9:19  Barracks Tech Lab  
  160  9:21  SCV x2  
  162  9:25  Siege Tank  
  162  9:26  Widow Mine  
  162  9:27  Marine  
  162  9:28  Orbital Command  
  169  9:33  SCV  
  152  9:42  SCV  
  152  9:43  Marine x2  
  152  9:45  SCV, Marine x2  
  132  9:46  Siege Tank  
  132  9:47  Widow Mine  
  132  9:50  Marine  
  132  9:51  Medivac x2  
  141  9:53  SCV  
  141  9:54  SCV, Command Center  
  141  9:56  Marine x2  
  141  9:57  Supply Depot  
  141  9:58  Supply Depot x2, SCV, Barracks Tech Lab  
  146  10:01  Widow Mine  
  148  10:07  Orbital Command  
  148  10:16  Marauder  
  148  10:17  SCV x2  
  148  10:18  Widow Mine  
  148  10:19  Marauder, SCV, Siege Tank, Marine  
  148  10:20  Marine  
  148  10:21  Marine x2  
  150  10:23  Siege Tank  
  150  10:24  Widow Mine  
  150  10:29  SCV, Marine x3  
  150  10:30  SCV  
  150  10:31  SCV  
  150  10:32  SCV  
  150  10:34  Marine  
  156  10:38  Terran Infantry Weapons Level 3  
  156  10:41  SCV, Marine x2  
  156  10:42  Marauder, SCV  
  162  10:48  Refinery, Marine x4  
  166  10:51  Widow Mine x2  
  166  10:54  SCV  
  171  10:58  SCV  
  171  11:00  Supply Depot  
  164  11:06  Marine x2  
  164  11:07  Marauder, Marine x3  
  164  11:08  Marauder  
  164  11:09  Marine  
  149  11:11  SCV  
  149  11:16  Marine  
  150  11:20  Marine  
  150  11:22  SCV, Siege Tank x2  
  150  11:23  SCV, Starport Reactor  
  158  11:26  Widow Mine  
  158  11:28  Marauder  
  158  11:30  SCV  
  158  11:32  SCV  
  155  11:34  Marine  
  155  11:35  Widow Mine  
  155  11:38  Marine  
  159  11:40  SCV  
  159  11:42  SCV  
  159  11:43  Refinery x2  
  159  11:44  Ghost Academy, Refinery  
  160  11:48  Barracks Tech Lab  
  160  11:49  Terran Infantry Armor Level 3  
  160  11:50  Marine x3  
  160  11:53  Marine x4  
  167  11:55  SCV  
  167  11:57  Marauder  
  167  11:58  Marauder  
  167  11:59  SCV  
  173  12:01  Missile Turret  
  173  12:07  Siege Tank  
  176  12:09  Widow Mine x2  
  156  12:23  Siege Tank  
  156  12:24  Marauder  
  156  12:25  Marauder x2, SCV x2  
  156  12:26  SCV  
  166  12:33  Widow Mine x2  
  166  12:34  Command Center  
  166  12:35  Sensor Tower  
  170  12:37  Missile Turret  
  170  12:43  Concussive Shells, Siege Tank  
  174  12:44  SCV  
  174  12:49  Planetary Fortress  
  174  12:50  SCV x2  
  174  12:53  Ghost x2  
  178  12:59  Siege Tank  
  178  13:00  Widow Mine  
  178  13:01  SCV  
  178  13:02  SCV  
  183  13:07  Terran Vehicle Weapons Level 1  
  183  13:19  Refinery  
  183  13:20  Refinery  
  183  13:21  Siege Tank  
  183  13:22  Command Center  
  186  13:27  Command Center  
  186  13:28  Widow Mine x2  
  190  13:35  Siege Tank  
  190  13:40  Missile Turret x2  
  193  13:44  Medivac x2  
  193  13:45  Ghost x2  
  164  13:59  Siege Tank  
  164  14:00  Marauder x2  
  164  14:01  Widow Mine x2, Orbital Command  
  148  14:08  Siege Tank  
  148  14:09  SCV  
  147  14:10  Marine  
  147  14:12  Marine x3  
  147  14:13  SCV  
  147  14:14  SCV  
  145  14:20  Marauder x2  
  145  14:21  Marauder  
  151  14:25  SCV x3  
  151  14:27  SCV x2  
  151  14:30  Widow Mine x2  
  160  14:32  Siege Tank  
  163  14:43  Sensor Tower  
  163  14:45  Siege Tank, Ghost  
  166  14:47  SCV x2  
  170  14:52  Command Center  
  170  14:57  Marauder  
  170  14:58  Widow Mine x2  
  175  15:00  SCV x3  
  142  15:15  Ghost x2  
  142  15:16  Siege Tank  
  137  15:21  SCV x2  
  137  15:23  Siege Tank  
  137  15:24  Widow Mine x2  
  137  15:25  SCV  
  137  15:28  SCV  
  132  15:33  SCV x2  
  134  15:36  Planetary Fortress  
  134  15:39  Marauder x2  
  138  15:44  SCV x2  
  138  15:47  Widow Mine, Missile Turret  
  138  15:48  Missile Turret  
  142  15:50  SCV x2  
  142  15:56  Siege Tank  
  145  15:57  SCV  
  145  15:58  SCV  
  145  16:02  Siege Tank  
  150  16:06  Terran Vehicle Weapons Level 2  
  150  16:12  Widow Mine x2  
  150  16:14  Sensor Tower  
  152  16:24  Marauder x3  
  152  16:25  Marauder  
  156  16:27  SCV x2  
  156  16:29  Siege Tank  
  161  16:33  Command Center  
  161  16:35  Siege Tank  
  164  16:40  SCV  
  164  16:43  Widow Mine x2  
  164  16:45  Marauder  
  164  16:46  Marauder x2  
  173  16:50  Marauder, SCV  
  173  16:52  SCV  
  177  16:59  Sensor Tower  
  177  17:02  Command Center  
  177  17:07  Marauder  
  147  17:14  Siege Tank x2  
  147  17:15  Widow Mine x2  
  145  17:20  Ghost x2  
  149  17:24  SCV  
  149  17:27  SCV x2  
  152  17:31  Ghost  
  152  17:36  SCV  
  152  17:37  SCV  
  156  17:39  Widow Mine x2  
  156  17:41  SCV  
  156  17:43  Marauder  
  158  17:56  Siege Tank x2  
  158  17:58  Marauder x2  
  158  18:01  SCV x2  
  158  18:04  Planetary Fortress  
  159  18:12  SCV  
  160  18:14  Widow Mine x2  
  160  18:15  SCV, Sensor Tower  
  165  18:22  Medivac x2  
  165  18:23  Marauder x2  
  165  18:24  SCV x2  
  168  18:39  Siege Tank x2  
  168  18:40  Widow Mine x2, Ghost  
  168  18:41  Ghost  
  180  18:42  SCV  
  180  18:46  Missile Turret  
  183  18:50  Missile Turret  
  183  18:55  Marauder  
  182  19:06  Widow Mine  
  182  19:07  Widow Mine  
  184  19:11  Orbital Command  
  184  19:12  Terran Vehicle Weapons Level 3  
  184  19:13  Marauder x3  
  190  19:25  Refinery, Siege Tank  
  193  19:32  Refinery  
  193  19:42  Siege Tank  
  193  19:43  Widow Mine  
  198  19:50  Orbital Command  
  196  19:58  Command Center  
  196  20:02  Command Center  
  187  20:30  Medivac x2  
  187  20:32  Siege Tank  
  186  20:44  Supply Depot  
  186  20:45  Supply Depot x2  
  186  20:47  Missile Turret  
  186  20:52  Siege Tank  
  186  20:53  Widow Mine  
  186  20:54  Ghost  
  186  20:56  Widow Mine  
  175  21:09  Siege Tank, Ghost x2  
  182  21:14  Liberator  
  185  21:18  Command Center  
  185  21:20  Refinery  
  185  21:22  Widow Mine x2  
  182  21:39  Ghost  
  179  21:42  Marauder x2  
  179  21:44  Siege Tank  
  172  21:51  Siege Tank  
  175  22:10  Marauder x2  
  179  22:18  Planetary Fortress  
  179  22:19  Siege Tank  
  179  22:20  Widow Mine  
  184  22:26  Widow Mine  
  183  22:38  SCV  
  187  22:44  Ghost  
  187  22:46  SCV x3  
  189  23:00  Orbital Command  
  189  23:01  Command Center  
  189  23:06  Planetary Fortress  
  189  23:15  Widow Mine  
  189  23:16  Marine  
  196  23:27  Widow Mine  
  196  23:31  Ghost  
  190  23:46  Marine x3  
  191  23:49  Marine  

Tags
 
Add a new tag
Caveats
  • Supply blocks, unpowered buildings, or Contaminate may cause inaccurate times.
  • Supply counts are checked every 10 seconds.